 Dungeon Crawl Stone Soup version 0.28-a0-751-gef3a642a4e (webtiles) character file.

Game seed: 8248448883192605451

107 KoroneIsBestGirl the Covered (level 4, -2/38 HPs)
             Began as a Barachi Fighter on Oct 31, 2021.
             Was a Believer of Qazlal.
             Killed from afar by an orc (23 damage)
             ... with a bolt of acid
             ... on level 3 of the Dungeon.
             The game lasted 00:02:00 (2246 turns).

KoroneIsBestGirl the Covered (Barachi Fighter)      Turns: 2246, Time: 00:02:01

Health: -2/38      AC:  7    Str: 19    XL:     4   Next: 86%
Magic:  4/4        EV:  9    Int:  8    God:    Qazlal [**....]
Gold:   96         SH:  7    Dex: 11    Spells: 3/3 levels left

rFire   . . .      SeeInvis .   a - +0 long sword
rCold   . . .      Faith    .   c - +0 buckler
rNeg    . . .      Spirit   .   b - +0 scale mail
rPois   .          Reflect  .   (no helmet)
rElec   .          Harm     .   (no cloak)
rCorr   .          Rampage  .   (no gloves)
Will    .....                   (no boots)
Stlth   ..........              (no amulet)
HPRegen 0.12/turn               (no ring)
MPRegen 0.09/turn               (no ring)

@: slow
A: amphibious, slowness 1, strong legs 1, +LOS
a: Hop, Renounce Religion, Upheaval


You were on level 3 of the Dungeon.
You worshipped Qazlal.
Qazlal was pleased with you.
You visited 1 branch of the dungeon, and saw 3 of its levels.

You collected 96 gold pieces.

Inventory:

Hand Weapons
 a - a +0 long sword (weapon)
Armour
 b - a +0 scale mail (worn)
 c - a +0 buckler (worn)
Jewellery
 p - a ring of fire
Scrolls
 d - a scroll of acquirement {unknown}
 h - 3 scrolls of identify {unknown}
 j - 3 scrolls of summoning {unknown}
 k - 2 scrolls of noise {unknown}
 l - a scroll of magic mapping {unknown}
 m - a scroll of blinking {unknown}
 n - 3 scrolls of teleportation {unknown}
 o - a scroll of enchant weapon {unknown}
Potions
 e - 2 potions of mutation {unknown}
 f - 2 potions of flight {unknown}
 g - a potion of ambrosia {unknown}
 i - 3 potions of curing {unknown}


   Skills:
 + Level 4.4 Fighting
 + Level 3.5 Long Blades
 + Level 4.5 Armour
 + Level 4.1 Shields


You had 3 spell levels left.
You didn't know any spells.
Your spell library contained the following spells:

 Spells                   Type           Power      Damage    Failure   Level
 Summon Lightning Spire   Summ/Air       0%         N/A       100%        4
 Storm Form               Tmut/Air       0%         N/A       100%        7
 Maxwell's Capacitive Co  Air            0%         ∞         100%        8


Dungeon Overview and Level Annotations

Branches:
Dungeon (3/15)

Altars:
Qazlal


Innate Abilities, Weirdness & Mutations

You are amphibious.
You cover ground slowly.
You can hop short distances.
You have an extended range of vision and can be seen from far away.


Message History

The magic dart hits you. Natasha claws you.
An orc priest comes into view. It is wielding a +0 hand axe.
You barely miss Natasha. You block Natasha's attack.
The crimson imp blinks!
You closely miss Natasha. Natasha closely misses you.
You slash Natasha!
Natasha is severely wounded.
Natasha casts a spell at you. You resist with some effort.
You slash Natasha!
You kill Natasha!
Qazlal accepts your kill.
Natasha yowls pathetically as she dies!
The orc priest looks braver for a moment.
Found a scroll labelled TECLUORUDE.
An orc comes into view. It is wielding a +0 short sword.
The orc priest calls down the wrath of Beogh upon you.
Pain shoots through your body!
You see here the felid corpse of Natasha.
The orc shouts!
An endoplasm comes into view.
You block the orc priest's attack.
There are monsters nearby!
There are monsters nearby!
You barely miss the orc priest.
The endoplasm quivers.
The orc priest barely misses you.
An orc comes into view.
It is wielding a +0 falchion and carrying a wand of acid (10).
You completely miss the orc priest.
The orc priest is engulfed in blazing flames.
The orc priest misses you.
You closely miss the orc priest.
The orc priest is heavily wounded.
The orc priest is engulfed in blazing flames.
You kill the orc priest!
Qazlal accepts your kill.
The orc zaps a wand.
The bolt of acid hits the orc!!
The orc dies!
The bolt of acid hits you!!
Ouch! That really hurt!
You die...

..##########.##
. #######..#
..........##
...........#
.........#.#
.........#.##
.........#..#
.........##†##
.........##@.#
...........○§#
...........)#
##+##......
......#J.
.##..?.#..o #
#######.#' .#.#
.. #


You could see an orc and an endoplasm.

Vanquished Creatures
  An orc priest (D:3)
  Natasha (D:3)
  An orc wizard (D:3)
  A dart slug (D:1)
  3 orcs (D:3)
  2 bats (D:1)
  5 endoplasms
  4 giant cockroaches
  3 goblins (D:1)
  9 hobgoblins
  4 jackals (D:1)
  3 quokkas
  4 ball pythons (D:1)
  A frilled lizard (D:2)
  2 kobolds
  3 rats
47 creatures vanquished.

Vanquished Creatures (others)
  An orc (D:3)
1 creature vanquished.

Grand Total: 48 creatures vanquished

Notes
Turn   | Place    | Note
-------+----------+-------------------------------------------
     0 | D:1      | KoroneIsBestGirl the Barachi Fighter began the quest for
                  | the Orb.
     0 | D:1      | Reached XP level 1. HP: 18/18 MP: 1/1
   441 | D:1      | Reached XP level 2. HP: 20/25 MP: 2/2
   527 | D:1      | Found a faded altar of an unknown god.
   634 | D:1      | Prayed at the altar of an unknown god.
   634 | D:1      | Became a worshipper of Qazlal Stormbringer
   634 | D:1      | Reached * piety under Qazlal
   880 | D:1      | Reached XP level 3. HP: 30/30 MP: 3/3
  1206 | D:2      | Reached ** piety under Qazlal
  1954 | D:3      | Reached XP level 4. HP: 14/38 MP: 4/4
  2232 | D:3      | Noticed Natasha
  2241 | D:3      | Killed Natasha
  2246 | D:3      | Killed from afar by an orc

Illustrated notes

Levels and vault maps discovered:
D:1:      minmay_arrival_four_houses, layout_basic, basic_ecumenical_altar
D:2:      layout_basic
D:3:      kennysheep_big_flooded_room, layout_basic, grunt_qazlal_sundering,
          uniq_natasha, uniq_jessica

Skill      XL: |  1  2  3 |
---------------+----------+-----
Armour         | 4 |  4.5
Fighting       | 4 |  4.4
Long Blades    | 3 |  3.5
Shields        | 4 |  4.1

Action                   |  1- 3 |  4- 6 || total
-------------------------+-------+-------++-------
Melee: Long sword        |   108 |    11 ||   119
  Use: Potion            |     1 |       ||     1
Armor: Scale mail        |    60 |       ||    60
Dodge: Dodged            |    62 |     5 ||    67
Block: Buckler           |    41 |     2 ||    43

Table legend: (Time is in decaauts)
 A = Elapsed time spent in this place.
 B = Non-inter-level travel time spent in this place.
 C = Inter-level travel time spent in this place.
 D = Time resting spent in this place.
 E = Time spent auto-exploring this place.
 F = Levels seen in this place.
 G = Mean time per level.
                   A        B        C        D        E       F      G
               +--------+--------+--------+--------+--------+-----+--------+
         Total |   2533 |   2442 |     91 |      0 |   2129 |   3 |  844.3 |
       Dungeon |   2533 |   2442 |     91 |      0 |   2129 |   3 |  844.3 |
               +--------+--------+--------+--------+--------+-----+--------+

Top non-repeatable levels by time:
     D:1: 1317 daAuts
     D:2: 840 daAuts
     D:3: 375 daAuts
